[Event "Charlotte Open 2020"]
[Site "Charlotte"]
[Date "2020.01.02"]
[Round "2.3"]
[White "Chandra, Akshat"]
[Black "Talukdar, Rohan"]
[Result "1-0"]
[ECO "A49"]
[WhiteElo "2524"]
[BlackElo "2343"]
[Annotator "RC"]
[PlyCount "97"]
[EventDate "2020.01.02"]
[EventType "swiss"]
[EventCountry "USA"]
[SourceTitle "playchess.com"]
[Source "ChessBase"]
[SourceQuality "1"]
[TimeControl "6000+30"]

1. Nf3 Nf6 2. g3 g6 3. b3 Bg7 4. Bb2 O-O 5. Bg2 d6 6. d4 e5 7. dxe5 Nfd7 8. O-O dxe5 9. e4 Na6 10. Qe2 Qe7 11. Ba3 Ndc5 12. Nc3 c6 13. Na4 Re8 14. Ne1 Bf8 15. Nd3 b6 16. Qe3 Bb7 17. Rfd1 Rad8 18. Rd2 Qd7 19. Naxc5 Nxc5 20. Rad1 Nxd3 21. Rxd3 Qc7 22. Bxf8 Rxf8 23. Bh3 Bc8 24. Bxc8 Qxc8 25. Qg5 f6 26. Qd2 Rxd3 27. Qxd3 Kg7 28. Qc4 c5 29. Rd5 Qh3 30. Qa4 Rf7 31. Qe8 g5 32. Rd8 Qh5 33. h3 Qg6 34. f3 Kh6 35. Qe6 Qg7 36. Rd6 Qg6 37. a4 Kg7 38. Kg2 Rc7 39. Qd5 c4 40. b4 Qf7 41. c3 Qe8 42. b5 Qe7 43. g4 Rc5 44. Rd7 Rxd5 45. Rxe7+ Kf8 46. Rxa7 Rd3 47. a5 Rd6 48. a6 Rd2+ 49. Kg3 1-0

[Event "Charlotte Open 2020"]
[Site "Charlotte"]
[Date "2020.01.02"]
[Round "2.10"]
[White "Wang, Tianqi"]
[Black "Hilby, Craig"]
[Result "0-1"]
[ECO "A13"]
[WhiteElo "2314"]
[BlackElo "2434"]
[Annotator "ChessBase"]
[PlyCount "84"]
[EventDate "2020.01.02"]
[EventType "swiss"]
[EventCountry "USA"]
[SourceTitle "playchess.com"]
[Source "ChessBase"]
[SourceQuality "1"]
[TimeControl "6000+30"]

1. Nf3 g6 2. c4 Bg7 3. d4 e6 4. g3 Ne7 5. Bg2 d5 6. O-O O-O 7. Nc3 Nbc6 8. cxd5 exd5 9. e3 Nf5 10. Ne1 Nce7 11. Nd3 c6 12. b3 h5 13. h3 Nd6 14. Ba3 Re8 15. Qd2 Nef5 16. Ne5 Bh6 17. Qd3 Kg7 18. Rfe1 f6 19. Bxd6 Qxd6 20. Nxg6 Kxg6 21. g4 hxg4 22. hxg4 Rg8 23. gxf5+ Bxf5 24. e4 dxe4 25. Bxe4 Kf7+ 26. Kf1 Bg4 27. Bg2 Qh2 28. Qc4+ Kg7 29. Re7+ Kh8 30. Qd3 f5 31. Rae1 Rab8 32. d5 Bf8 33. Qd4+ Bg7 34. Qd3 Bf6 35. R7e6 Bh5 36. Qh3 Qxh3 37. Bxh3 Bxc3 38. R1e3 Bg7 39. Bxf5 Rgf8 40. Bd3 Bf3 41. dxc6 bxc6 42. Re7 a5 0-1

[Event "Charlotte Open 2020"]
[Site "Charlotte"]
[Date "2020.01.02"]
[Round "2.11"]
[White "Petesch, Gabriel"]
[Black "Korley, Kassa"]
[Result "1/2-1/2"]
[ECO "E67"]
[WhiteElo "2302"]
[BlackElo "2432"]
[Annotator "ChessBase"]
[PlyCount "134"]
[EventDate "2020.01.02"]
[EventType "swiss"]
[EventCountry "USA"]
[SourceTitle "playchess.com"]
[Source "ChessBase"]
[SourceQuality "1"]
[TimeControl "6000+30"]

1. d4 g6 2. Nf3 Bg7 3. g3 d6 4. Bg2 Nf6 5. O-O O-O 6. c4 Nbd7 7. Nc3 e5 8. Qc2 exd4 9. Nxd4 Re8 10. b3 Nc5 11. Bb2 h5 12. Rad1 a5 13. Nd5 c6 14. Nxf6+ Qxf6 15. Bc3 Qe7 16. Rfe1 h4 17. Nf3 hxg3 18. hxg3 Bf5 19. Qb2 Bxc3 20. Qxc3 a4 21. Nh4 axb3 22. Nxf5 gxf5 23. axb3 Ra3 24. Qc2 Qe5 25. Rb1 f4 26. gxf4 Qxf4 27. e3 Qe5 28. Red1 Rea8 29. Rd4 Ra1 30. Qd1 Rxb1 31. Qxb1 Kf8 32. b4 Ne6 33. Rd1 Ke7 34. b5 cxb5 35. Qxb5 Qxb5 36. cxb5 Nc5 37. Rd4 Ra1+ 38. Bf1 Rb1 39. Kg2 Rb2 40. Kg3 Ne6 41. Rd5 Rb4 42. Rf5 Nc5 43. f3 Ne6 44. e4 b6 45. Rh5 Nd4 46. Rd5 Ne6 47. e5 dxe5 48. Rxe5 Kf6 49. Rh5 Rd4 50. Rh8 Rd6 51. Bc4 Rd4 52. Bxe6 Kxe6 53. Rb8 Rd6 54. Rb7 f6 55. Kf4 Rd4+ 56. Ke3 Rd6 57. Ke4 f5+ 58. Kf4 Kf6 59. Rh7 Rd4+ 60. Ke3 Rb4 61. Rh6+ Ke5 62. Rxb6 Rb3+ 63. Ke2 Kf4 64. Rb8 Rxf3 65. b6 Rb3 66. b7 Rb1 67. Kd3 Rb6 {[%emt 0:00:30] Ke4 Ke5+} 1/2-1/2

[Event "Charlotte Open 2020"]
[Site "Charlotte"]
[Date "2020.01.02"]
[Round "2.12"]
[White "Puckett, Matthew"]
[Black "Song, Edward"]
[Result "1/2-1/2"]
[ECO "E01"]
[WhiteElo "2148"]
[BlackElo "2411"]
[Annotator "ChessBase"]
[PlyCount "59"]
[EventDate "2020.01.02"]
[EventType "swiss"]
[EventCountry "USA"]
[SourceTitle "playchess.com"]
[Source "ChessBase"]
[SourceQuality "1"]
[TimeControl "6000+30"]

1. d4 d5 2. c4 e6 3. Nf3 Nf6 4. g3 Bb4+ 5. Bd2 Bd6 6. Nc3 O-O 7. Bg5 c6 8. e4 dxe4 9. Nxe4 Bb4+ 10. Nc3 e5 11. dxe5 Qxd1+ 12. Rxd1 Ne4 13. Bd2 Nxd2 14. Rxd2 Nd7 15. Be2 Nb6 16. O-O Be6 17. Rd4 Rfd8 18. Rfd1 Rxd4 19. Rxd4 c5 20. Rd6 Bxc3 21. bxc3 Bxc4 22. Bxc4 Nxc4 23. Rd5 b6 24. Nd2 Nxd2 25. Rxd2 f6 26. exf6 gxf6 27. Rd7 b5 28. Rc7 c4 29. Rb7 a6 30. Rb6 1/2-1/2

[Event "Charlotte Open 2020"]
[Site "Charlotte"]
[Date "2020.01.02"]
[Round "2.13"]
[White "Iotov, Valentin"]
[Black "Zeng, Sheena"]
[Result "1-0"]
[ECO "D36"]
[WhiteElo "2516"]
[BlackElo "1987"]
[Annotator "ChessBase"]
[PlyCount "67"]
[EventDate "2020.01.02"]
[EventType "swiss"]
[EventCountry "USA"]
[SourceTitle "playchess.com"]
[Source "ChessBase"]
[SourceQuality "1"]
[TimeControl "6000+30"]

1. c4 e6 2. Nc3 d5 3. d4 Nf6 4. cxd5 exd5 5. Bg5 Be7 6. e3 c6 7. Bd3 Nbd7 8. Qc2 O-O 9. Nf3 Re8 10. O-O Nf8 11. h3 Ng6 12. Bxf6 Bxf6 13. b4 a6 14. a4 Be6 15. b5 axb5 16. axb5 Qe7 17. bxc6 bxc6 18. Na4 Rac8 19. Nc5 Nf8 20. Ra6 Rc7 21. Nxe6 Qxe6 22. Rc1 g6 23. Rxc6 Rxc6 24. Qxc6 Qxc6 25. Rxc6 Re6 26. Bb5 Bd8 27. Ne5 f6 28. Nd3 Be7 29. Nf4 Rd6 30. Nxd5 Kf7 31. Rc7 Re6 32. Bc4 Ke8 33. Nxe7 Rxe7 34. Rc8+ 1-0

[Event "Charlotte Open 2020"]
[Site "Charlotte"]
[Date "2020.01.02"]
[Round "2.16"]
[White "Escalante Ramirez, Brian Sebasti"]
[Black "Polgar-Shutzman, Tom"]
[Result "1-0"]
[ECO "A03"]
[WhiteElo "2421"]
[BlackElo "2233"]
[Annotator "ChessBase"]
[PlyCount "105"]
[EventDate "2020.01.02"]
[EventType "swiss"]
[EventCountry "USA"]
[SourceTitle "playchess.com"]
[Source "ChessBase"]
[SourceQuality "1"]
[TimeControl "6000+30"]

1. f4 d5 2. Nf3 Nf6 3. g3 g6 4. Bg2 Bg7 5. O-O O-O 6. d3 c5 7. Qe1 Nc6 8. e4 dxe4 9. dxe4 e5 10. f5 Nd4 11. Nxd4 exd4 12. e5 Re8 13. fxg6 hxg6 14. Bg5 d3 15. Qf2 Rxe5 16. Bxf6 Bxf6 17. Qxf6 Qxf6 18. Rxf6 dxc2 19. Nc3 Bf5 20. Rc1 Rae8 21. Rxf5 Rxf5 22. Bxb7 Rb8 23. Be4 Re5 24. Rxc2 Rb4 25. Bf3 Kg7 26. Kf2 Rc4 27. b3 Rd4 28. Na4 c4 29. bxc4 Ra5 30. Ke3 Rd7 31. Nc3 Re5+ 32. Kf2 Rd3 33. Be2 Rf5+ 34. Ke1 Re3 35. Nb5 Re7 36. c5 a6 37. c6 Rxb5 38. c7 Rb1+ 39. Kd2 Rd7+ 40. Bd3 Rxc7 41. Rxc7 Rh1 42. h4 Rg1 43. Bxa6 Rxg3 44. Bc4 Rg4 45. Rxf7+ Kh6 46. Kc3 Rxh4 47. a4 Rh1 48. Rf1 Rh5 49. Kb4 g5 50. a5 g4 51. a6 Kg5 52. a7 Rh8 53. Bd5 1-0

[Event "Charlotte Open 2020"]
[Site "Charlotte"]
[Date "2020.01.02"]
[Round "2.17"]
[White "Tsolakidou, Stavroula"]
[Black "Venkat, Raghav"]
[Result "1/2-1/2"]
[ECO "D37"]
[WhiteElo "2403"]
[BlackElo "2141"]
[Annotator "ChessBase"]
[PlyCount "83"]
[EventDate "2020.01.02"]
[EventType "swiss"]
[EventCountry "USA"]
[SourceTitle "playchess.com"]
[Source "ChessBase"]
[SourceQuality "1"]
[TimeControl "6000+30"]

1. d4 Nf6 2. Nf3 e6 3. c4 d5 4. Nc3 Be7 5. Bf4 O-O 6. e3 dxc4 7. Bxc4 a6 8. O-O b5 9. Bd3 Bb7 10. Qe2 Nbd7 11. Rfd1 c5 12. dxc5 b4 13. Na4 Qa5 14. Nb6 Nxb6 15. cxb6 Qxb6 16. e4 Rfd8 17. Rac1 Rac8 18. Ne5 Qd4 19. Rxc8 Rxc8 20. Bb1 Qc5 21. Nd3 Qh5 22. f3 Bxe4 23. g4 Bxd3 24. Bxd3 Qc5+ 25. Be3 Qxe3+ 26. Qxe3 Bc5 27. Qxc5 Rxc5 28. Bxa6 g6 29. Bd3 Nd5 30. Kf2 Kf8 31. Be4 Nf6 32. Bb1 Ke7 33. Rd4 Rc1 34. Bd3 Nd5 35. Be4 Ra1 36. Bxd5 exd5 37. Rxb4 Rxa2 38. Ke3 Ra1 39. Rb7+ Ke6 40. Rb6+ Ke7 41. Rb7+ Ke6 42. Kd4 1/2-1/2

[Event "Charlotte Open 2020"]
[Site "Charlotte"]
[Date "2020.01.02"]
[Round "2.18"]
[White "Sarkar, Justin"]
[Black "Mahajan, Rushaan"]
[Result "1-0"]
[ECO "B13"]
[WhiteElo "2385"]
[BlackElo "2006"]
[Annotator "ChessBase"]
[PlyCount "71"]
[EventDate "2020.01.02"]
[EventType "swiss"]
[EventCountry "USA"]
[SourceTitle "playchess.com"]
[Source "ChessBase"]
[SourceQuality "1"]
[TimeControl "6000+30"]

1. e4 c6 2. d4 d5 3. exd5 cxd5 4. Bd3 Nc6 5. c3 Nf6 6. h3 e6 7. Bf4 Bd6 8. Bxd6 Qxd6 9. Nf3 Nh5 10. O-O Nf4 11. Re1 Nxd3 12. Qxd3 f6 13. c4 Nb4 14. Qc3 dxc4 15. Qxc4 O-O 16. Nbd2 Nd5 17. Ne4 Qb4 18. b3 Qxc4 19. bxc4 Nf4 20. g3 Nd3 21. Re3 Nb4 22. Rb1 Na6 23. c5 Nc7 24. Nd6 Nd5 25. Ra3 a6 26. Nxc8 Rfxc8 27. Rxb7 Rc6 28. Rab3 Rac8 29. Rd7 R6c7 30. Rd6 Rc6 31. Nd2 Kf8 32. Rb7 Rxd6 33. cxd6 Nc3 34. Rc7 Rd8 35. Rxc3 Rxd6 36. Nb3 1-0

[Event "Charlotte Open 2020"]
[Site "Charlotte"]
[Date "2020.01.02"]
[Round "2.19"]
[White "Mulyar, Michael"]
[Black "Ngo, Bach"]
[Result "1-0"]
[ECO "E11"]
[WhiteElo "2380"]
[BlackElo "2027"]
[Annotator "ChessBase"]
[PlyCount "95"]
[EventDate "2020.01.02"]
[EventType "swiss"]
[EventCountry "USA"]
[SourceTitle "playchess.com"]
[Source "ChessBase"]
[SourceQuality "1"]
[TimeControl "6000+30"]

1. d4 Nf6 2. Nf3 e6 3. c4 Bb4+ 4. Bd2 Qe7 5. g3 Nc6 6. Nc3 Bxc3 7. Bxc3 Ne4 8. Rc1 O-O 9. Bg2 Nxc3 10. Rxc3 d6 11. d5 Nb8 12. dxe6 fxe6 13. O-O e5 14. c5 Nc6 15. cxd6 cxd6 16. Ne1 Be6 17. Nc2 Rac8 18. Qd2 Kh8 19. b3 d5 20. Bxd5 Bxd5 21. Qxd5 Nd4 22. Rxc8 Nxe2+ 23. Kg2 Rxc8 24. Qd2 Nc3 25. Ne3 Qd8 26. Qxd8+ Rxd8 27. Rc1 Nxa2 28. Rc7 b6 29. Rxa7 Nc1 30. b4 Nd3 31. b5 Rf8 32. Ra2 h6 33. Nd5 e4 34. Nxb6 Rb8 35. Ra8 Rxa8 36. Nxa8 Nc5 37. Kf1 Kg8 38. Ke2 Kf7 39. Ke3 Ke6 40. Nb6 Kd6 41. Nc4+ Kd5 42. Nd2 g6 43. h4 g5 44. hxg5 hxg5 45. b6 Kc6 46. Nxe4 Ne6 47. Kf3 Kxb6 48. Kg4 1-0

[Event "Charlotte Open 2020"]
[Site "Charlotte"]
[Date "2020.01.02"]
[Round "2.20"]
[White "Xu, Grant"]
[Black "Vigorito, David"]
[Result "1/2-1/2"]
[ECO "B18"]
[WhiteElo "2228"]
[BlackElo "2368"]
[Annotator "ChessBase"]
[PlyCount "107"]
[EventDate "2020.01.02"]
[EventType "swiss"]
[EventCountry "USA"]
[SourceTitle "playchess.com"]
[Source "ChessBase"]
[SourceQuality "1"]
[TimeControl "6000+30"]

1. e4 c6 2. d4 d5 3. Nd2 dxe4 4. Nxe4 Bf5 5. Ng3 Bg6 6. h4 h6 7. Nh3 Nf6 8. Nf4 Bh7 9. c3 e6 10. Bd3 Bxd3 11. Qxd3 Nbd7 12. Bd2 Qc7 13. O-O-O O-O-O 14. Qf3 Bd6 15. Nfh5 Rhg8 16. Nxf6 Nxf6 17. Ne4 Nxe4 18. Qxe4 Qa5 19. Kb1 Qd5 20. Rhe1 Qxe4+ 21. Rxe4 h5 22. Kc2 b5 23. b3 Kb7 24. f3 Rd7 25. Rg1 Rh8 26. g3 a6 27. Be1 c5 28. Bf2 Kc6 29. Rd1 c4 30. Ra1 Rb7 31. Ree1 Kd5 32. Reb1 Rc8 33. b4 Ra8 34. a4 Rba7 35. axb5 axb5 36. Rxa7 Rxa7 37. Kb2 g6 38. Rg1 Ra8 39. Be3 Bc7 40. Bf4 Bd8 41. Re1 Bf6 42. Be5 Be7 43. Bf4 Bf6 44. g4 hxg4 45. fxg4 Bxh4 46. Re5+ Kc6 47. Rc5+ Kb6 48. g5 Ra7 49. Rc8 Rd7 50. Rh8 Be1 51. Rh1 Bf2 52. Rf1 Bh4 53. Rh1 Bf2 54. Rf1 1/2-1/2

[Event "Charlotte Open 2020"]
[Site "Charlotte"]
[Date "2020.01.03"]
[Round "4.3"]
[White "Bajarani, Ulvi"]
[Black "Peng, Shunkai"]
[Result "1-0"]
[ECO "E06"]
[WhiteElo "2468"]
[BlackElo "2315"]
[Annotator "RC"]
[PlyCount "101"]
[EventDate "2020.01.02"]
[EventType "swiss"]
[EventCountry "USA"]
[SourceTitle "playchess.com"]
[Source "ChessBase"]
[SourceQuality "1"]
[TimeControl "6000+30"]

1. d4 Nf6 2. c4 e6 3. Nf3 d5 4. g3 Be7 5. Bg2 O-O 6. Nc3 c6 7. O-O b6 8. Bf4 Nh5 9. Bd2 Nf6 10. Bf4 Nh5 11. Be3 Nf6 12. Ne5 Bb7 13. Rc1 Nbd7 14. cxd5 Nxe5 15. dxe5 Nxd5 16. Nxd5 cxd5 17. Qa4 Qe8 18. Qxe8 Rfxe8 19. Rc7 Ba6 20. Bf3 Kf8 21. Rfc1 Rec8 22. h4 Bd8 23. R7c3 Rxc3 24. Rxc3 Bb7 25. Bd4 Ke8 26. h5 Kd7 27. e3 a5 28. Bd1 b5 29. Be2 Ba6 30. Rc5 b4 31. Bd1 Bb6 32. Ba4+ Kd8 33. Rc6 Bxd4 34. exd4 Bc8 35. f4 Ra6 36. Rc5 Bd7 37. Bxd7 Kxd7 38. Kf2 Rc6 39. Rxc6 Kxc6 40. g4 Kb5 41. b3 Kc6 42. Kg3 Kd7 43. Kh4 h6 44. g5 Ke7 45. Kg4 Kf8 46. f5 Kg8 47. Kf4 hxg5+ 48. Kxg5 Kh7 49. f6 Kg8 50. fxg7 Kxg7 51. h6+ 1-0

[Event "Charlotte Open 2020"]
[Site "Charlotte"]
[Date "2020.01.03"]
[Round "4.4"]
[White "Grabinsky, Aaron"]
[Black "Hilby, Craig"]
[Result "1/2-1/2"]
[ECO "A05"]
[WhiteElo "2363"]
[BlackElo "2434"]
[Annotator "NA"]
[PlyCount "47"]
[EventDate "2020.01.02"]
[EventType "swiss"]
[EventCountry "USA"]
[SourceTitle "playchess.com"]
[Source "ChessBase"]
[SourceQuality "1"]
[TimeControl "6000+30"]

1. Nf3 Nf6 2. g3 b5 3. Na3 a6 4. c4 b4 5. Nc2 a5 6. Bg2 Bb7 7. O-O g6 8. b3 Bg7 9. Bb2 c5 10. a3 Na6 11. axb4 axb4 12. d3 O-O 13. e4 d6 14. Nd2 Qb6 15. Re1 Nc7 16. Qe2 Nd7 17. Bxg7 Kxg7 18. f4 Rxa1 19. Rxa1 Ra8 20. Rxa8 Bxa8 21. Qe1 Qa7 22. Qb1 e5 23. Qb2 f6 24. Bh3 1/2-1/2

[Event "Charlotte Open 2020"]
[Site "Charlotte"]
[Date "2020.01.03"]
[Round "4.7"]
[White "Iotov, Valentin"]
[Black "Wheeler, Cameron"]
[Result "1/2-1/2"]
[ECO "A26"]
[WhiteElo "2516"]
[BlackElo "2383"]
[Annotator "ChessBase"]
[PlyCount "75"]
[EventDate "2020.01.02"]
[EventType "swiss"]
[EventCountry "USA"]
[SourceTitle "playchess.com"]
[Source "ChessBase"]
[SourceQuality "1"]
[TimeControl "6000+30"]

1. c4 e5 2. Nc3 Nc6 3. g3 g6 4. Bg2 Bg7 5. e4 d6 6. Nge2 f5 7. d3 Nf6 8. O-O O-O 9. Nd5 Nxd5 10. cxd5 Ne7 11. Bg5 h6 12. Be3 c6 13. dxc6 bxc6 14. Rc1 Rb8 15. b3 Kh7 16. Qd2 c5 17. f4 exf4 18. Nxf4 fxe4 19. dxe4 Rb6 20. Rfd1 Bg4 21. Bxc5 Bxd1 22. Rxd1 dxc5 23. Qxd8 Rxd8 24. Rxd8 Nc6 25. Rd7 Ne5 26. Rxa7 c4 27. Nd5 cxb3 28. axb3 Rxb3 29. Nf6+ Kh8 30. Ra8+ Bf8 31. Rxf8+ Kg7 32. Nh7 Rb1+ 33. Rf1 Rxf1+ 34. Bxf1 Kxh7 35. Kf2 Kg7 36. Ke3 Kf6 37. Kd4 Ke6 38. Be2 1/2-1/2

[Event "Charlotte Open 2020"]
[Site "Charlotte"]
[Date "2020.01.03"]
[Round "4.10"]
[White "Brodsky, David"]
[Black "Vigorito, David"]
[Result "1-0"]
[ECO "B67"]
[WhiteElo "2466"]
[BlackElo "2368"]
[Annotator "RC"]
[PlyCount "45"]
[EventDate "2020.01.02"]
[EventType "swiss"]
[EventCountry "USA"]
[SourceTitle "playchess.com"]
[Source "ChessBase"]
[SourceQuality "1"]
[TimeControl "6000+30"]

1. e4 c5 2. Nf3 d6 3. d4 cxd4 4. Nxd4 Nf6 5. Nc3 Nc6 6. Bg5 e6 7. Qd2 a6 8. O-O-O Bd7 9. f3 Be7 10. h4 h6 11. Be3 h5 12. Bg5 Qc7 13. Kb1 Ne5 14. f4 Neg4 15. Bd3 Qb6 16. Bc4 Rc8 17. Bb3 Rxc3 18. Qxc3 Nxe4 19. Qe1 Nxg5 20. hxg5 g6 21. Qe2 d5 22. c3 Kf8 23. Qxg4 1-0

[Event "Charlotte Open 2020"]
[Site "Charlotte"]
[Date "2020.01.03"]
[Round "4.16"]
[White "Puckett, Matthew"]
[Black "Fedorowicz, John"]
[Result "1/2-1/2"]
[ECO "E11"]
[WhiteElo "2148"]
[BlackElo "2430"]
[Annotator "NA"]
[PlyCount "36"]
[EventDate "2020.01.02"]
[EventType "swiss"]
[EventCountry "USA"]
[SourceTitle "playchess.com"]
[Source "ChessBase"]
[SourceQuality "1"]
[TimeControl "6000+30"]

1. d4 Nf6 2. c4 e6 3. g3 Bb4+ 4. Bd2 Qe7 5. Nf3 Nc6 6. Nc3 Bxc3 7. Bxc3 Ne4 8. Rc1 O-O 9. Bg2 d6 10. d5 Nxc3 11. Rxc3 Nd8 12. O-O e5 13. Qc2 c5 14. dxc6 Nxc6 15. e3 Be6 16. Rd1 Rfd8 17. a3 a5 18. b3 g6 1/2-1/2

[Event "Charlotte Open 2020"]
[Site "Charlotte"]
[Date "2020.01.03"]
[Round "4.18"]
[White "Narva, Mai"]
[Black "Polgar-Shutzman, Tom"]
[Result "1-0"]
[ECO "B06"]
[WhiteElo "2321"]
[BlackElo "2233"]
[Annotator "ChessBase"]
[PlyCount "51"]
[EventDate "2020.01.02"]
[EventType "swiss"]
[EventCountry "USA"]
[SourceTitle "playchess.com"]
[Source "ChessBase"]
[SourceQuality "1"]
[TimeControl "6000+30"]

1. e4 g6 2. d4 Bg7 3. Nc3 d5 4. exd5 Nf6 5. Bc4 Nbd7 6. Nf3 O-O 7. O-O Nb6 8. Bb3 a5 9. a3 a4 10. Ba2 Nbxd5 11. Nxd5 Nxd5 12. Qe2 Bg4 13. Rd1 c6 14. c4 Nc7 15. Be3 Qd7 16. h3 Bxf3 17. Qxf3 Rfd8 18. Rd2 Ra5 19. Rad1 e6 20. d5 cxd5 21. Bb6 Ra6 22. cxd5 Qc8 23. dxe6 Rxd2 24. Qxf7+ Kh8 25. Rxd2 Rxb6 26. e7 1-0

[Event "Charlotte Open 2020"]
[Site "Charlotte"]
[Date "2020.01.03"]
[Round "4.20"]
[White "Cezila Jr, Rubens"]
[Black "Ngo, Bach"]
[Result "1-0"]
[ECO "A14"]
[WhiteElo "2239"]
[BlackElo "2027"]
[Annotator "ChessBase"]
[PlyCount "79"]
[EventDate "2020.01.02"]
[EventType "swiss"]
[EventCountry "USA"]
[SourceTitle "playchess.com"]
[Source "ChessBase"]
[SourceQuality "1"]
[TimeControl "6000+30"]

1. b3 Nf6 2. Bb2 e6 3. g3 Be7 4. Bg2 O-O 5. Nf3 d5 6. O-O b6 7. c4 Bb7 8. e3 c5 9. Qe2 Nbd7 10. Rd1 Qc7 11. Nc3 Rac8 12. Rac1 Rfd8 13. cxd5 Nxd5 14. Nxd5 Bxd5 15. e4 Bb7 16. d4 Bf6 17. b4 Qc6 18. e5 Be7 19. Ne1 Qc7 20. d5 Bxd5 21. Bxd5 exd5 22. e6 Nf6 23. Nf3 Ne4 24. exf7+ Kxf7 25. Rxd5 Rxd5 26. Qxe4 Qd6 27. Qg4 Rf8 28. bxc5 bxc5 29. Qxg7+ Ke8 30. Qg4 Qd7 31. Qe4 Qf5 32. Qa4+ Kf7 33. Qb3 Kg6 34. Kg2 Bf6 35. Bxf6 Kxf6 36. Rc4 Qd3 37. Rf4+ Ke7 38. Qb7+ Rd7 39. Re4+ Kd6 40. Qxd7+ 1-0

[Event "Charlotte Open 2020"]
[Site "Charlotte"]
[Date "2020.01.04"]
[Round "5.1"]
[White "Chandra, Akshat"]
[Black "Lenderman, Aleksandr"]
[Result "1-0"]
[ECO "B03"]
[WhiteElo "2524"]
[BlackElo "2638"]
[Annotator "RC"]
[PlyCount "81"]
[EventDate "2020.01.02"]
[EventType "swiss"]
[EventCountry "USA"]
[SourceTitle "playchess.com"]
[Source "ChessBase"]
[SourceQuality "1"]
[TimeControl "6000+30"]

1. e4 Nf6 2. e5 Nd5 3. d4 d6 4. c4 Nb6 5. f4 dxe5 6. fxe5 Nc6 7. Be3 Bf5 8. Nc3 e6 9. Nf3 Bg4 10. Be2 Bxf3 11. gxf3 Qh4+ 12. Bf2 Qf4 13. c5 Nd7 14. Qc1 Qf5 15. Qb1 Qxb1+ 16. Rxb1 O-O-O 17. f4 g6 18. Bf3 Ne7 19. Bh4 Re8 20. Bxe7 Rxe7 21. c6 bxc6 22. Bxc6 Bh6 23. O-O Rd8 24. Rbd1 f6 25. Kg2 Nb8 26. Ba4 fxe5 27. fxe5 Kb7 28. Rf3 a5 29. Ne4 Ka7 30. Nc5 Na6 31. Nb3 Rb8 32. a3 Rb6 33. Rf2 Ka8 34. Nxa5 c5 35. dxc5 Nxc5 36. Rd8+ Rb8 37. Rxb8+ Kxb8 38. Nc6+ Kc7 39. Nxe7 Nxa4 40. Rf7 Kd8 41. Rxh7 1-0

[Event "Charlotte Open 2020"]
[Site "Charlotte"]
[Date "2020.01.04"]
[Round "5.15"]
[White "Guo, Arthur"]
[Black "Beradze, Irakli"]
[Result "1-0"]
[ECO "C88"]
[WhiteElo "2301"]
[BlackElo "2487"]
[Annotator "RC"]
[PlyCount "175"]
[EventDate "2020.01.02"]
[EventType "swiss"]
[EventCountry "USA"]
[SourceTitle "playchess.com"]
[Source "ChessBase"]
[SourceQuality "1"]
[TimeControl "6000+30"]

1. e4 e5 2. Nf3 Nc6 3. Bb5 a6 4. Ba4 Nf6 5. O-O b5 6. Bb3 Be7 7. Re1 O-O 8. d3 d6 9. Bd2 Re8 10. Ng5 Rf8 11. c3 h6 12. Nf3 Re8 13. h3 Bf8 14. a4 Rb8 15. axb5 axb5 16. Na3 Na5 17. Ba2 c5 18. Nc2 c4 19. Nb4 cxd3 20. Qb1 Qc7 21. Nd5 Nxd5 22. Bxd5 Nc4 23. Be3 Be6 24. Ba7 Bxd5 25. Bxb8 Qxb8 26. exd5 e4 27. Nd4 Qc8 28. f3 f5 29. fxe4 fxe4 30. Ne6 Qb7 31. b3 Nd2 32. Qd1 Qxd5 33. Nf4 Qc5+ 34. Kh1 e3 35. Nxd3 Qxc3 36. Qh5 Qc6 37. Nb4 Qe4 38. Qd5+ Kh7 39. Qxb5 Nxb3 40. Ra3 Nd4 41. Raxe3 Nxb5 42. Rxe4 Rxe4 43. Rxe4 Nc7 44. Rc4 Ne6 45. Kg1 Kg6 46. Kf2 Kf5 47. Ke3 h5 48. Nd3 g6 49. Ra4 Bh6+ 50. Kf3 Ng5+ 51. Ke2 Ne6 52. Ra6 Bf8 53. Ke3 Bh6+ 54. Kf3 Nd4+ 55. Kf2 Bf8 56. Ke3 Nc2+ 57. Kd2 Nd4 58. Ke3 Nc2+ 59. Kf2 Nd4 60. Ra5+ Ke4 61. Nb4 Ne6 62. Nd5 Bg7 63. Ne7 Nf8 64. Ra4+ Ke5 65. Ke3 Bh6+ 66. Kd3 Bg5 67. Ra5+ Kf6 68. Ng8+ Kg7 69. Rxg5 Kxg8 70. Rd5 Kf7 71. Rxd6 Ke7 72. Ra6 Kf7 73. Ke4 Kg7 74. Kf4 Kh6 75. Ke5 Nd7+ 76. Kd6 Nf6 77. Ke7 Ne4 78. Kf7 Ng5+ 79. Kf8 h4 80. Ra4 Kh5 81. Ke7 Nh7 82. Rg4 Ng5 83. Kf6 Nh7+ 84. Kg7 Ng5 85. Ra4 Ne6+ 86. Kf6 Nf8 87. Ra6 Nd7+ 88. Ke7 1-0

[Event "Charlotte Open 2020"]
[Site "Charlotte"]
[Date "2020.01.04"]
[Round "5.17"]
[White "Kolay, Alex"]
[Black "Tsolakidou, Stavroula"]
[Result "0-1"]
[ECO "E11"]
[WhiteElo "2261"]
[BlackElo "2403"]
[Annotator "RC"]
[PlyCount "126"]
[EventDate "2020.01.02"]
[EventType "swiss"]
[EventCountry "USA"]
[SourceTitle "playchess.com"]
[Source "ChessBase"]
[SourceQuality "1"]
[TimeControl "6000+30"]

1. d4 Nf6 2. c4 e6 3. Nf3 Bb4+ 4. Nbd2 d6 5. a3 Bxd2+ 6. Qxd2 Nbd7 7. e3 e5 8. Qc2 Qe7 9. Be2 O-O 10. O-O Re8 11. Re1 c5 12. h3 e4 13. Nh2 Nf8 14. b4 cxb4 15. axb4 d5 16. c5 h5 17. b5 Qe6 18. Ba3 Bd7 19. Rec1 Rec8 20. Qd1 Ng6 21. Ra2 Nh4 22. Rac2 g5 23. Bb4 Kg7 24. Ra2 Qf5 25. Rca1 g4 26. Rxa7 Rxa7 27. Rxa7 gxh3 28. g3 Nf3+ 29. Bxf3 exf3 30. Ra1 h4 31. Qxf3 Qg6 32. Qf4 Bxb5 33. Qxh4 Ra8 34. Rc1 Bd7 35. Qf4 Bf5 36. Be1 Be4 37. f3 Bd3 38. g4 Ra2 39. Bh4 Rg2+ 40. Kh1 Ne4 41. Qe5+ Kh7 42. Qxd5 Rg3 43. Bxg3 Nxg3+ 44. Kg1 Ne2+ 45. Kf2 Nxc1 46. Qxb7 Qf6 47. Qc7 Ne2 48. g5 Qe6 49. Qa7 Kg7 50. Qa3 Qc4 51. Qb2 Nc3 52. Kg3 Bf5 53. Qd2 Be6 54. Kf2 Nb5 55. Qe2 Qb4 56. Qc2 Na3 57. Qc1 Qb8 58. f4 Qa8 59. c6 Nc4 60. Qc3 Qa2+ 61. Ke1 Bd5 62. e4 Qxh2 63. exd5 Qg2 0-1

[Event "Charlotte Open 2020"]
[Site "Charlotte"]
[Date "2020.01.04"]
[Round "6.1"]
[White "Grabinsky, Aaron"]
[Black "Chandra, Akshat"]
[Result "1/2-1/2"]
[ECO "A01"]
[WhiteElo "2363"]
[BlackElo "2524"]
[Annotator "ChessBase"]
[PlyCount "71"]
[EventDate "2020.01.02"]
[EventType "swiss"]
[EventCountry "USA"]
[SourceTitle "playchess.com"]
[Source "ChessBase"]
[SourceQuality "1"]
[TimeControl "6000+30"]

1. b3 e5 2. Bb2 Nc6 3. e3 g6 4. d4 Bg7 5. d5 Nce7 6. c4 d6 7. g3 h5 8. h4 Nh6 9. Bg2 Ng4 10. Nc3 O-O 11. Nh3 Nf5 12. Ne4 Bd7 13. Qe2 c6 14. dxc6 Bxc6 15. Nhg5 Qb6 16. Bf3 d5 17. cxd5 Bxd5 18. O-O f6 19. Nh3 Rfd8 20. Nc3 Bxf3 21. Qxf3 Rd2 22. Rfd1 Rad8 23. Rxd2 Rxd2 24. Rd1 Qd8 25. Rxd2 Qxd2 26. Qd5+ Qxd5 27. Nxd5 Kf7 28. e4 Ne7 29. Nb4 Ke6 30. Kf1 Bf8 31. Ke2 a5 32. Nd3 Nc6 33. a4 Be7 34. Ng1 f5 35. exf5+ gxf5 36. Nf3 1/2-1/2

[Event "Charlotte Open 2020"]
[Site "Charlotte"]
[Date "2020.01.04"]
[Round "6.5"]
[White "Ringoir, Tanguy"]
[Black "Korley, Kassa"]
[Result "0-1"]
[ECO "B08"]
[WhiteElo "2501"]
[BlackElo "2432"]
[Annotator "ChessBase"]
[PlyCount "40"]
[EventDate "2020.01.02"]
[EventType "swiss"]
[EventCountry "USA"]
[SourceTitle "playchess.com"]
[Source "ChessBase"]
[SourceQuality "1"]
[TimeControl "6000+30"]

1. d4 g6 2. e4 Bg7 3. Nf3 d6 4. Be2 Nf6 5. Nc3 O-O 6. O-O Nc6 7. Be3 e5 8. dxe5 dxe5 9. Bb5 Qe7 10. Bxc6 bxc6 11. Ne1 Ba6 12. Nd3 Rfd8 13. Bg5 h6 14. Bh4 Rab8 15. Rb1 Qe6 16. Qf3 Bxd3 17. cxd3 Rd4 18. b3 Nd7 19. Na4 Qd6 20. Rfd1 f5 0-1